 Dungeon Crawl Stone Soup version 0.27-a0-797-g27d10ad80f (webtiles) character file.

Game seed: 145506632821345068

357140 tatocazan the Brawler (level 21, -17/214 HPs)
             Began as a Troll Hunter on Mar 27, 2021.
             Was the Champion of Cheibriados.
             Demolished by a deep troll (26 damage)
             ... led by an ironbound preserver
             ... on level 3 of the Vaults.
             The game lasted 01:11:26 (35035 turns).

tatocazan the Brawler (Troll Hunter)               Turns: 35035, Time: 01:11:26

Health: -17/214    AC: 29    Str: 50    XL:     21   Next: 41%
Magic:  29/29      EV: 11    Int: 29    God:    Cheibriados [******]
Gold:   4228       SH: 34    Dex: 30    Spells: 20/20 levels left

rFire    + . .     SeeInvis .     - Unarmed
rCold    + + .     Faith    .   U - +8 tower shield "Fompot" {rC+ rN+ Str+2 Dex+3}
rNeg     + . .     Spirit   .   Q - +7 gold dragon scales
rPois    +         Reflect  .   M - +1 hat {Stlth+}
rElec    .         Harm     .   k - scarf {repulsion}
rCorr    .         Rampage  .   (gloves unavailable)
Will     +....                  (boots unavailable)
Stlth    ..........             p - amulet of Miracles {RegenMP Str+2}
HPRegen  1.45/turn              l - +4 ring of slaying
MPRegen  0.46/turn              v - ring "Fucut" {rPois Int+7 Slay+3}

@: repel missiles, very slow
A: large, unfitting armour, claws 3, regeneration 1, shaggy fur 1, tough skin 1
}: 2/15 runes: decaying, gossamer
a: Renounce Religion, Bend Time, Temporal Distortion, Slouch, Step From Time


You were on level 3 of the Vaults.
You worshipped Cheibriados.
Cheibriados was exalted by your worship.
You visited 7 branches of the dungeon, and saw 35 of its levels.
You also visited: Ossuary, Gauntlet and Volcano.

You collected 4759 gold pieces.
You spent 531 gold pieces at shops.

Inventory:

Hand Weapons
 r - the +5 war axe "Umeng" {flame, Str-5 Dex+2 SInv Stlth+}
   (You took it off a minotaur in a Gauntlet)

   It has been specially enchanted to burn those struck by it, causing extra
   injury to most foes and up to half again as much damage against particularly
   susceptible opponents.
   Big, fiery blades are also staple armaments of hydra-hunters.
   It affects your strength (-5).
   It affects your dexterity (+2).
   It lets you see invisible.
   It makes you more stealthy.
Missiles
 c - 39 large rocks (quivered)
 d - 2 throwing nets
 o - 2 atropa-tipped darts
 w - 2 silver javelins
Armour
 k - a scarf of repulsion (worn)
 M - a +1 hat of stealth (worn)
 Q - +7 gold dragon scales (worn)
 U - the +8 tower shield "Fompot" (worn) {rC+ rN+ Str+2 Dex+3}
   (You acquired it on level 3 of the Lair of Beasts)

   It affects your strength (+2).
   It affects your dexterity (+3).
   It protects you from cold.
   It protects you from negative energy.
Jewellery
 l - a +4 ring of slaying (left claw)
 p - the amulet of Miracles (around neck) {RegenMP Str+2}
   (You found it in a Gauntlet)

   [amulet of magic regeneration]

   It increases your magic regeneration.
   It affects your strength (+2).
 v - the ring "Fucut" (right claw) {rPois Int+7 Slay+3}
   (You acquired it on level 7 of the Dungeon)

   [ring of poison resistance]

   It affects your intelligence (+7).
   It affects your accuracy and damage with ranged weapons and melee attacks
   (+3).
   It protects you from poison.
 P - a ring of flight
Wands
 e - a wand of digging (4)
 s - a wand of charming (7)
 H - a wand of paralysis (15)
 T - a wand of mindburst (9)
 W - a wand of acid (32)
 Y - a wand of iceblast (47)
Scrolls
 a - 15 scrolls of identify
 g - a scroll of summoning
 h - 6 scrolls of amnesia
 m - a scroll of brand weapon
 q - 3 scrolls of silence
 u - 4 scrolls of blinking
 x - 4 scrolls of fog
 y - 4 scrolls of vulnerability
 A - 3 scrolls of torment
 E - 7 scrolls of teleportation
 K - 7 scrolls of fear
 N - 4 scrolls of noise
 S - 6 scrolls of magic mapping
 Z - 6 scrolls of enchant weapon
Potions
 b - 7 potions of attraction
 f - 7 potions of flight
 i - 13 potions of curing
 n - 5 potions of lignification
 t - 4 potions of mutation
 z - 2 potions of invisibility
 B - 2 potions of magic
 C - 5 potions of heal wounds
 F - 2 potions of brilliance
 J - a potion of cancellation
 O - 5 potions of ambrosia
 R - 3 potions of might
 V - 4 potions of resistance
Miscellaneous
 j - a box of beasts
 G - a phantom mirror
 L - a condenser vane
 X - a tin of tremorstones (2/2)


   Skills:
 + Level 14.1 Fighting
 + Level 13.0 Throwing
 + Level 14.4 Armour
 + Level 6.2 Dodging
 - Level 0.3 Stealth
 + Level 13.2 Shields
 - Level 15.1 Unarmed Combat
 * Level 13.0 Invocations


You had 20 spell levels left.
You didn't know any spells.
Your spell library contained the following spells:

 Spells                   Type           Power      Damage    Failure   Level
 Animate Skeleton         Necr           0%         N/A       65%         1
 Corona                   Hex            0%         N/A       65%         1
 Magic Dart               Conj           0%         1d3       65%         1
 Pain                     Necr           0%         1d4       65%         1
 Sandblast                Erth           0%         2d4       65%         1
 Sting                    Tmut/Pois      0%         1d3       65%         1
 Summon Small Mammal      Summ           0%         N/A       65%         1
 Blink                    Tloc           N/A        N/A       78%         2
 Call Imp                 Summ           0%         N/A       78%         2
 Corpse Rot               Necr/Air       N/A        N/A       78%         2
 Passwall                 Tmut/Erth      0%         N/A       78%         2
 Poisonous Vapours        Pois/Air       0%         N/A       78%         2
 Slow                     Hex            0%         N/A       78%         2
 Sublimation of Blood     Necr           0%         N/A       78%         2
 Swiftness                Air            0%         N/A       78%         2
 Call Canine Familiar     Summ           0%         N/A       95%         3
 Confusing Touch          Hex            0%         N/A       95%         3
 Conjure Flame            Conj/Fire      0%         6-21      95%         3
 Gell's Gravitas          Tloc           0%         N/A       95%         3
 Ignite Poison            Fire/Tmut/Pois 0%         N/A       95%         3
 Inner Flame              Hex/Fire       0%         N/A       95%         3
 Mephitic Cloud           Conj/Pois/Air  0%         N/A       95%         3
 Portal Projectile        Hex/Tloc       0%         N/A       95%         3
 Stone Arrow              Conj/Erth      0%         3d7       95%         3
 Summon Guardian Golem    Hex/Summ       0%         N/A       95%         3
 Vampiric Draining        Necr           0%         2d6       95%         3
 Animate Dead             Necr           0%         N/A       100%        4
 Cause Fear               Hex            0%         N/A       100%        4
 Dispel Undead            Necr           0%         3d6       100%        4
 Leda's Liquefaction      Hex/Erth       0%         N/A       100%        4
 Olgreb's Toxic Radiance  Pois           0%         N/A       100%        4
 Passage of Golubria      Tloc           N/A        N/A       100%        4
 Petrify                  Tmut/Erth      0%         N/A       100%        4
 Summon Ice Beast         Ice/Summ       0%         N/A       100%        4
 Summon Lightning Spire   Summ/Air       0%         N/A       100%        4
 Agony                    Necr           0%         N/A       100%        5
 Bolt of Magma            Conj/Fire/Erth 0%         4d4       100%        5
 Excruciating Wounds      Necr           0%         N/A       100%        5
 Irradiate                Conj/Tmut      0%         3d13      100%        5
 Iskenderun's Battlesphe  Conj           0%         2d6       100%        5
 Lee's Rapid Deconstruct  Erth           0%         3d5*      100%        5
 Metabolic Englaciation   Hex/Ice        0%         N/A       100%        5
 Yara's Violent Unravell  Hex/Tmut       0%         3d3       100%        5
 Hydra Form               Tmut           0%         N/A       100%        6
 Invisibility             Hex            0%         N/A       100%        6
 Iron Shot                Conj/Erth      0%         9d1       100%        6
 Statue Form              Tmut/Erth      0%         N/A       100%        6
 Dragon Form              Tmut           0%         N/A       100%        7
 Orb of Destruction       Conj           0%         N/A       100%        7
 Spellforged Servitor     Conj/Summ      0%         N/A       100%        7
 Borgnjor's Revivificati  Necr           0%         N/A       100%        8
 Infestation              Necr           0%         N/A       100%        8
 Necromutation            Tmut/Necr      0%         N/A       100%        8
 Death's Door             Necr           0%         N/A       100%        9


Dungeon Overview and Level Annotations

Branches:
Dungeon (15/15)            Temple (1/1) D:5            Lair (6/6) D:8
  Swamp (4/4) Lair:2       Spider (4/4) Lair:3        Slime (0/5) Lair:5
    Orc (2/2) D:11            Elf (0/3) Orc:2        Vaults (3/5) D:14
 Depths (0/5) D:15        Ossuary (visited)         Volcano (visited)
Gauntlet (visited)
  Crypt: Vaults:2-3

Altars:
Cheibriados
Dithmenos
Elyvilon
Fedhas
Hepliaklqana
Makhleb
Okawaru
Ru
Sif Muna
Trog
Xom
Zin
The Shining One

Shops:
D:6 ![(   D:11 [   Orc:2 (!(!   Vaults:1 [   Vaults:2 [

Portals:
Trove: D:10 (give 5 scrolls of fog)

Annotations:
Lair:1 2 transporters, porpoise's ghost, journeyman DECj
Lair:4 3 runed translucent doors, Eqaz's ghost, journeyman MiHu; Nyzic's ghost, journeyman TrMo; Poifiw's ghost, journeyman GnFi
Lair:5 2 transporters, jestyr24's ghost, adept DECj


Innate Abilities, Weirdness & Mutations

You are too large for most types of armour.
You have claws for hands.
Your natural rate of healing is unusually fast.
You are covered in fur. (AC +1)
You have tough skin. (AC +1)


Message History

The brown ugly thing is severely wounded.
You block the deep troll's attack. The deep troll barely misses you.
You block the deep troll's attack.
You block the brown ugly thing's attack.
You regained 2 hp, and now have 90/214 hp.
You closely miss the brown ugly thing.
The brown ugly thing is severely wounded.
You block the deep troll's attack.
The deep troll claws you but does no damage.
You block the deep troll's attack. The deep troll misses you.
The deep troll completely misses you.
The deep troll claws you but does no damage.
You block the wizard's attack. The deep troll misses you.
The deep troll barely misses you. You block the deep troll's attack.
The brown ugly thing trunk-slaps you but does no damage.
You eviscerate the brown ugly thing!!!
You kill the brown ugly thing!
Cheibriados thoroughly appreciates the change of pace.
The ironbound convoker casts a spell at the war gargoyle.
The war gargoyle seems to grow stronger.
You block the deep troll's attack. x3; The deep troll barely misses you.
The deep troll claws you! You block the deep troll's attack.
You block the wizard's attack. You block the deep troll's attack. x2
The deep troll barely misses you.
You take 11 damage, and have 80/214 hp.
You barely miss the war gargoyle. You block the war gargoyle's attack.
You block the deep troll's attack. x2
The deep troll claws you but does no damage.
The ironbound convoker points at the deep troll and mumbles some strange words.
The deep troll seems to grow stronger.
The deep troll barely misses you. The deep troll completely misses you.
You block the deep troll's attack. The wizard closely misses you.
The war gargoyle hits you with a +0 great mace!!!
* * * LOW HITPOINT WARNING * * *
You take 44 damage, and have 36/214 hp.
MASSIVE DAMAGE!!
You completely miss the war gargoyle. You block the deep troll's attack. x3
The war gargoyle hits you with a +0 great mace!!
* * * LOW HITPOINT WARNING * * *
The deep troll bites you!!
You die...

# ### ### #. #..
..# .# #..#..
..#..# #..#..
..#..#.
#^....###9....'.
#...#@Tp# #
#...pTT.# .# ##
#.).....#..+ .#
+..####.####..#
.#
#.............#
.+
#.............#
.#
#########'#####
.# #.......# .#
#.......#


You could see 3 deep trolls, a war gargoyle (strong), an ironbound convoker and
a wizard.

Vanquished Creatures
  Boris (Vaults:1)
  Sojobo (Vaults:2)
  the Lernaean hydra (Swamp:4)
  Frederick (Vaults:2)
  Arachne (Spider:2)
  Rupert (D:13)
  Jorgrun (Orc:2)
  A sphinx (Vaults:2)
  Asterion (Vaults:1)
  Gastronok (D:8)
  Donald (Swamp:1)
  2 tengu reavers (Vaults:2)
  A fenstrider witch (Swamp:3)
  A fire giant (D:15)
  2 ghost moths
  5 vault wardens
  An orc warlord (Orc:1)
  6 emperor scorpions
  A war gargoyle (Vaults:2)
  6 ironbound preservers
  11 very ugly things
  4 dire elephants
  4 entropy weavers
  Nessos (D:15)
  3 bunyips
  Azrael (D:13)
  A spark wasp (Spider:4)
  A crystal guardian (Vaults:3)
  Snorg (D:11)
  3 yaktaur captains
  3 eleionomae
  A fire dragon (Lair:6)
  4 vault guards
  2 boulder beetles
  A ghost crab (Swamp:2)
  3 ironbound frosthearts (Vaults:2)
  25 hydras
  An ogre mage (D:15)
  A catoblepas (D:12)
  A peacekeeper (Vaults:3)
  14 centaur warriors
  A dancing weapon (Volcano)
  A death knight (D:13)
  10 alligators
  3 tengu warriors
  8 death yaks (Lair:4)
  3 ironbound beastmasters
  4 two-headed ogres
  Sonja (D:12)
  A fire crab (shapeshifter) (D:12)
  A skeletal warrior (D:13)
  A goliath frog (Swamp:3)
  8 spriggan druids
  18 deep trolls
  2 glowing orange brains (Gauntlet)
  11 swamp dragons
  11 wizards
  2 lindwurms (Vaults:2)
  11 bog bodies
  Pikel (D:8)
  2 phantasmal warriors
  12 ironbound convokers
  A harpy (D:12)
  An orc sorcerer (Orc:1)
  3 orc knights (Orc:2)
  35 ugly things
  19 orb spiders
  A deep elf pyromancer (D:15)
  32 wolf spiders
  29 slime creatures
  3 moths of wrath
  A will-o-the-wisp (Swamp:1)
  A guardian serpent (Lair:6)
  3 manticores
  12 elephants
  5 toenail golems (Volcano)
  5 cyclopes
  Maurice (D:12)
  2 torpor snails
  Joseph (D:8)
  9 black mambas
  7 vault sentinels
  16 cane toads
  3 gargoyles
  A kobold demonologist (D:12)
  6 rime drakes
  An efreet (D:14)
  2 ice devils (Lair:1)
  9 komodo dragons
  A tengu conjurer (D:13)
  20 yaktaurs
  14 demonic crawlers
  4 trolls
  A queen bee (shapeshifter) (D:15)
  A polar bear (Lair:6)
  A meliai (Spider:4)
  27 jumping spiders
  6 tyrant leeches
  12 hornets
  4 blink frogs (Lair:1)
  11 dream sheep
  80 redbacks
  6 spriggans
  4 shadows (Gauntlet)
  32 tarantellas
  2 fire elementals (D:13)
  4 basilisks (Lair:3)
  3 wraiths
  41 yaks
  17 wyverns
  A steam dragon (Lair:6)
  17 swamp worms
  8 vampire mosquitoes
  8 wargs
  3 acid dragons
  23 water moccasins
  12 swamp drakes
  2 hell hounds (D:13)
  5 black bears
  33 orc warriors
  26 wolves
  19 ogres
  16 centaurs
  3 phantoms
  4 kobold brigands
  12 bullfrogs
  2 gnoll sergeants
  5 scorpions
  A water moccasin skeleton (D:4)
  10 killer bees
  10 howler monkeys
  5 wights (D:7)
  5 electric eels
  5 centaur zombies
  3 hounds (D:6)
  A centaur skeleton (D:6)
  3 jellies
  Crazy Yiuf (D:2)
  5 orc priests
  A bullfrog skeleton (D:7)
  2 gnoll shamans
  2 hell rats (Lair:4)
  5 iguanas
  20 orc wizards
  A human simulacrum (D:10)
  2 hound skeletons (D:4)
  A mummy (Ossuary)
  21 gnolls
  A howler monkey skeleton (D:7)
  11 river rats (Lair:4)
  8 adders
  A white imp (D:7)
  An ufetubus (D:7)
  3 worms
  3 dart slugs
  62 orcs
  6 spectral bats (Ossuary)
  8 endoplasms
  2 giant cockroaches
  12 gnoll zombies (Ossuary)
  6 goblins
  3 hobgoblins
  11 jackals
  6 quokkas
  4 ball pythons
  7 bats
  4 bat simulacra (Ossuary)
  3 frilled lizards
  A goblin zombie (Ossuary)
  5 hobgoblin zombies (Ossuary)
  29 kobolds
  5 kobold simulacra (Ossuary)
  7 kobold zombies (Ossuary)
  5 orc zombies (Ossuary)
  5 rats
  5 rat simulacra (Ossuary)
  3 spectral goblins (Ossuary)
  5 spectral kobolds (Ossuary)
  4 spectral rats (Ossuary)
1273 creatures vanquished.

Vanquished Creatures (collateral kills)
  A minotaur (Gauntlet)
1 creature vanquished.

Vanquished Creatures (others)
  A goliath frog (Swamp:1)
  An orb spider (Spider:4)
  5 bloated husks
  A redback (Spider:2)
  A yak (Lair:6)
  2 vampire mosquitoes (Swamp:1)
  A human simulacrum (D:10)
  4 foxfires (Swamp:1)
  89 fungi
  155 plants
260 creatures vanquished.

Grand Total: 1534 creatures vanquished

Notes
Turn   | Place    | Note
-------+----------+-------------------------------------------
     0 | D:1      | tatocazan the Troll Hunter began the quest for the Orb.
     0 | D:1      | Reached XP level 1. HP: 19/19 MP: 0/0
   407 | D:1      | Reached skill level 1 in Unarmed Combat
   407 | D:1      | Reached XP level 2. HP: 19/28 MP: 1/1
   802 | D:2      | Reached XP level 3. HP: 34/35 MP: 2/2
  1185 | D:2      | Reached skill level 2 in Unarmed Combat
  1227 | D:2      | Found a runed translucent door.
  1228 | D:2      | Noticed Crazy Yiuf
  1488 | D:2      | Killed Crazy Yiuf
  1489 | D:2      | Reached XP level 4. HP: 9/42 MP: 3/3
  1719 | D:3      | Found a blossoming altar of Fedhas.
  2294 | D:4      | Reached skill level 3 in Unarmed Combat
  2294 | D:4      | Reached XP level 5. HP: 48/50 MP: 4/4
  2468 | D:4      | Reached XP level 6. HP: 59/59 MP: 5/5
  2660 | D:4      | Reached skill level 4 in Unarmed Combat
  3268 | D:4      | Reached XP level 7. HP: 49/67 MP: 6/6
  3576 | D:5      | Entered Level 5 of the Dungeon
  4105 | D:5      | Reached skill level 5 in Throwing
  4105 | D:5      | Reached skill level 5 in Unarmed Combat
  4206 | D:5      | Found a staircase to the Ecumenical Temple.
  4213 | Temple   | Entered the Ecumenical Temple
  4231 | Temple   | Became a worshipper of Cheibriados the Contemplative
  4436 | D:5      | Reached skill level 1 in Invocations
  4460 | D:5      | Reached XP level 8. HP: 70/78 MP: 7/7
  4537 | D:5      | Found a shadowy altar of Dithmenos.
  4538 | D:5      | Found a glowing golden altar of the Shining One.
  4788 | D:5      | Found a shimmering blue altar of Sif Muna.
  4933 | D:6      | Found Rasaseec's Armour Boutique.
  4946 | D:6      | Found Gonloyse's Distillery.
  4951 | D:6      | Reached skill level 6 in Unarmed Combat
  4968 | D:6      | Bought a potion of heal wounds for 60 gold pieces
  4968 | D:6      | Bought 2 potions of curing for 72 gold pieces
  5007 | D:6      | Found Lalashong's Antique Weapon Boutique.
  5035 | D:6      | Reached * piety under Cheibriados
  5269 | D:6      | You fall into a shaft and drop 3 floors!
  5774 | D:9      | Found a sacrificial altar of Ru.
  5995 | D:9      | Reached skill level 7 in Unarmed Combat
  6002 | D:9      | Reached XP level 9. HP: 81/85 MP: 8/10
  6608 | D:9      | Noticed a two-headed ogre
  6612 | D:9      | Killed a two-headed ogre
  6613 | D:9      | Reached skill level 5 in Fighting
  6613 | D:9      | Reached skill level 5 in Dodging
  6613 | D:9      | Reached skill level 8 in Unarmed Combat
  6715 | D:8      | Noticed a cyan ugly thing
  6716 | D:8      | Noticed Gastronok
  6732 | D:8      | Killed Gastronok
  6733 | D:8      | Reached skill level 9 in Unarmed Combat
  6733 | D:8      | Reached XP level 10. HP: 40/96 MP: 10/12
  6752 | D:8      | Found a burning altar of Makhleb.
  6760 | D:8      | Reached ** piety under Cheibriados
  6871 | D:8      | Noticed Pikel
  6882 | D:8      | Killed Pikel
  6889 | D:8      | Found a sand-covered staircase.
  6896 | Ossuary  | Entered an ossuary
  7001 | Ossuary  | Reached *** piety under Cheibriados
  7159 | Ossuary  | Reached **** piety under Cheibriados
  7377 | D:8      | Noticed Joseph
  7572 | D:8      | Killed a cyan ugly thing
  7750 | D:7      | Reached skill level 5 in Invocations
  7896 | D:7      | Identified 3 scrolls of acquirement
  7896 | D:7      | Acquired a manual of Fighting
  8029 | D:7      | Acquired +1 gold dragon scales
  8041 | D:7      | Acquired the ring "Fucut" {rPois Int+7 Slay+3}
  8123 | D:7      | Reached skill level 10 in Unarmed Combat
  8640 | D:6      | Found an iron altar of Okawaru.
  8640 | D:6      | Found a shimmering altar of Xom.
  8969 | D:6      | Reached skill level 1 in Armour
  9194 | D:8      | Reached XP level 11. HP: 105/105 MP: 13/13
  9204 | D:8      | Killed Joseph
  9376 | D:8      | Reached ***** piety under Cheibriados
  9401 | D:8      | Found a staircase to the Lair.
  9723 | Lair:1   | Entered Level 1 of the Lair of Beasts
  9746 | Lair:1   | Reached skill level 5 in Armour
  9795 | Lair:1   | Noticed porpoise's ghost (journeyman DECj)
  9797 | Lair:1   | Found a transporter.
  9804 | Lair:1   | Noticed a seven-headed hydra
  9805 | Lair:1   | Noticed a seven-headed hydra
  9814 | Lair:1   | Noticed an eight-headed hydra
  9815 | Lair:1   | Noticed a five-headed hydra
  9816 | Lair:1   | Killed an eight-headed hydra
  9822 | Lair:1   | Killed a five-headed hydra
  9823 | Lair:1   | Found a transporter.
 10792 | Lair:2   | Reached XP level 12. HP: 114/114 MP: 14/14
 10820 | Lair:2   | Noticed an eight-headed hydra
 10822 | Lair:2   | Killed an eight-headed hydra
 10839 | Lair:2   | Noticed an eight-headed hydra
 10849 | Lair:2   | Killed a nine-headed hydra
 11102 | Lair:2   | Found a staircase to the Swamp.
 11301 | Lair:3   | Reached ****** piety under Cheibriados
 11462 | Lair:3   | Reached skill level 10 in Armour
 11493 | Lair:3   | Found a hole to the Spider Nest.
 12257 | Lair:3   | Acquired the +8 tower shield "Fompot" {rC+ rN+ Str+2 Dex+3}
 12347 | Lair:4   | Reached skill level 1 in Shields
 12447 | Lair:4   | Noticed a death yak
 12447 | Lair:4   | Noticed a death yak
 12448 | Lair:4   | Noticed a death yak
 12449 | Lair:4   | Noticed a death yak
 12451 | Lair:4   | Killed a death yak
 12459 | Lair:4   | Killed a death yak
 12463 | Lair:4   | Killed a death yak
 12466 | Lair:4   | Killed a death yak
 12493 | Lair:4   | Found a runed translucent gate.
 12494 | Lair:4   | Found a runed translucent gate.
 12495 | Lair:4   | Found a runed translucent gate.
 12496 | Lair:4   | Noticed Poifiw's ghost (journeyman GnFi)
 12496 | Lair:4   | Noticed Eqaz's ghost (journeyman MiHu)
 12497 | Lair:4   | Noticed Nyzic's ghost (journeyman TrMo)
 12521 | Lair:4   | Found a dark tunnel.
 12595 | Volcano  | Entered a volcano
 12615 | Volcano  | Reached XP level 13. HP: 123/123 MP: 16/16
 13732 | Lair:5   | Reached skill level 5 in Shields
 13751 | Lair:5   | Found a gate leading to a gauntlet.
 13760 | Gauntlet | Entered a Gauntlet
 13760 | Gauntlet | Found a transporter.
 13760 | Gauntlet | Found a transporter.
 13760 | Gauntlet | Found a transporter.
 13760 | Gauntlet | Found the +15 Maxwell's patent armour {-Cast -Tele rElec
                  | Will+ rCorr}
 13769 | Gauntlet | Found a transporter.
 13779 | Gauntlet | Found a transporter.
 13794 | Gauntlet | Found a transporter.
 13814 | Gauntlet | Found a transporter.
 13819 | Gauntlet | Found a transporter.
 13825 | Gauntlet | Found a transporter.
 13839 | Gauntlet | Found a transporter.
 13845 | Gauntlet | Found a transporter.
 13848 | Gauntlet | Found a transporter.
 13981 | Gauntlet | Identified the amulet of Miracles {RegenMP Str+2}
 14002 | Gauntlet | Reached skill level 11 in Unarmed Combat
 14036 | Gauntlet | Identified the +5 war axe "Umeng" {flame, Str-5 Dex+2 SInv
                  | Stlth+}
 14036 | Gauntlet | Noticed a minotaur
 14048 | Gauntlet | Killed a minotaur
 14259 | Gauntlet | Identified the +1 pair of boots of Activism {Rampage rF-
                  | Dex+4}
 14270 | Gauntlet | Identified the +1 scale mail of Sif Muna's Regard {rElec
                  | Will+ MP+9 Int+2}
 14288 | Gauntlet | Reached XP level 14. HP: 137/137 MP: 18/18
 14289 | Gauntlet | Reached XP level 15. HP: 145/145 MP: 19/19
 14335 | Lair:5   | Found a staircase to the Slime Pits.
 14549 | Lair:5   | Noticed jestyr24's ghost (adept DECj)
 14568 | Lair:5   | Found a bloodstained altar of Trog.
 14575 | Lair:5   | Found a transporter.
 14579 | Lair:5   | Found a transporter.
 14839 | Lair:6   | Entered Level 6 of the Lair of Beasts
 15108 | Lair:6   | Reached XP level 16. HP: 126/154 MP: 20/20
 16332 | Lair:5   | Identified the +1 robe of Inference {rF+}
 16573 | D:10     | Entered Level 10 of the Dungeon
 16618 | D:10     | Found a portal to a secret trove of treasure.
 17443 | D:11     | Noticed Snorg
 17450 | D:11     | Killed Snorg
 17480 | D:11     | Found Natzuril's Armour Shoppe.
 17482 | D:11     | Found a staircase to the Orcish Mines.
 17560 | Orc:1    | Entered Level 1 of the Orcish Mines
 17909 | Orc:2    | Entered Level 2 of the Orcish Mines
 17909 | Orc:2    | Noticed Jorgrun
 18184 | Orc:2    | Killed Jorgrun
 18442 | Orc:2    | Found a staircase to the Elven Halls.
 18560 | Orc:2    | Found Imuq's Distillery.
 18560 | Orc:2    | Found Piops's Antique Weapon Boutique.
 18562 | Orc:2    | Found Moewear's Antique Weapon Emporium.
 18564 | Orc:2    | Found Vaugoy's Distillery.
 18886 | Orc:2    | Reached skill level 10 in Fighting
 18981 | Orc:1    | Reached skill level 10 in Shields
 19184 | D:11     | Reached skill level 10 in Throwing
 19362 | D:12     | Noticed Sonja
 19363 | D:12     | Killed Sonja
 19432 | D:12     | Noticed Maurice
 19441 | D:12     | Killed Maurice
 19590 | D:12     | Reached skill level 12 in Unarmed Combat
 20480 | D:13     | Noticed Azrael
 20488 | D:13     | Killed Azrael
 20711 | D:13     | Reached XP level 17. HP: 162/167 MP: 22/22
 20846 | D:13     | Noticed Rupert
 20857 | D:13     | Killed Rupert
 21483 | D:14     | Found a gate to the Vaults.
 21700 | D:15     | Entered Level 15 of the Dungeon
 21843 | D:15     | Noticed Nessos
 21848 | D:15     | Killed Nessos
 22034 | D:15     | Found a staircase to the Depths.
 22398 | D:15     | Reached skill level 13 in Unarmed Combat
 23049 | Spider:1 | Entered Level 1 of the Spider Nest
 23325 | Spider:1 | Acquired 578 gold pieces
 24495 | Spider:2 | Noticed Arachne
 24506 | Spider:2 | Killed Arachne
 25240 | Spider:3 | Reached XP level 18. HP: 182/182 MP: 24/24
 26154 | Spider:4 | Entered Level 4 of the Spider Nest
 26171 | Spider:3 | Reached skill level 14 in Unarmed Combat
 26518 | Spider:4 | Reached skill level 10 in Invocations
 26840 | Spider:4 | Reached XP level 19. HP: 192/192 MP: 25/25
 27088 | Spider:4 | Got a gossamer rune of Zot
 27556 | Swamp:1  | Entered Level 1 of the Swamp
 28160 | Swamp:2  | Noticed Donald
 28179 | Swamp:1  | Killed Donald
 29397 | Swamp:3  | Found a shimmering altar of Xom.
 29604 | Swamp:4  | Entered Level 4 of the Swamp
 30131 | Swamp:4  | Reached skill level 15 in Unarmed Combat
 30135 | Swamp:4  | Reached XP level 20. HP: 67/202 MP: 13/26
 30497 | Swamp:4  | Noticed the 27-headed Lernaean hydra
 30706 | Swamp:4  | Killed the 20-headed Lernaean hydra
 30712 | Swamp:4  | Got a decaying rune of Zot
 31547 | Vaults:1 | Entered Level 1 of the Vaults
 31573 | Vaults:1 | Found Ateroiwk's Armour Shoppe.
 32136 | Vaults:1 | Noticed Asterion
 32148 | Vaults:1 | Killed Asterion
 32594 | Vaults:1 | You fall into a shaft and drop 1 floor!
 32639 | Vaults:2 | Found Nynnamm's Antique Armour Shoppe.
 32685 | Vaults:2 | Noticed Boris
 32729 | Vaults:1 | Killed Boris
 32931 | Vaults:2 | Bought an encrusted cloak for 399 gold pieces
 32931 | Vaults:2 | Identified the -1 cloak "Qecluep" {rF- rC+ Stlth+} (You
                  | bought it in a shop on level 2 of the Vaults)
 33112 | Vaults:2 | Reached XP level 21. HP: 122/213 MP: 29/29
 33399 | Vaults:2 | Noticed Frederick
 33417 | Vaults:2 | Killed Frederick
 33762 | Vaults:2 | Noticed Sojobo
 33773 | Vaults:2 | Killed Sojobo
 35035 | Vaults:3 | HP: 9/214 [war gargoyle/+0 great mace[a peacekeeper] (28)]
 35035 | Vaults:3 | Demolished by a deep troll

Illustrated notes

Levels and vault maps discovered:
D:1:      dpeg_arrival_boxorama, layout_basic, hangedman_decor_opposing
D:2:      layout_loops_ring, uniq_crazy_yiuf_cottage
D:3:      layout_loops_ring, fedhas_altar_3
D:4:      minmay_razor_zed, layout_rooms, st_stairs_8
D:5:      layout_cave_pods, nicolae_sif_muna_little_library,
          chequers_temple_overflow_statue_of_worship,
          minmay_temple_entry_statues_pillars, kennysheep_cross_bottleneck,
          corexii_leaking_fountain
D:6:      layout_basic, gammafunk_temple_overflow_wave, serial_shops, shop,
          nicolae_shop_behind_doors, shop, kennysheep_small_square
D:7:      layout_cave_pools, worms_lemuel
D:8:      cheibrodos_quashed, layout_layer_cave, kennysheep_mini,
          due_lair_maze_entry_diamond, chequers_ossuary_entry_cave, uniq_pikel,
          uniq_gastronok, uniq_joseph
D:9:      layout_loops_ring, nicolae_ru_awakened_eye
D:10:     layout_gridville, nicolae_trove_entry_columns, serial_rivers,
          chequers_serial_rivers_micro_e, chequers_serial_rivers_small_b,
          chequers_serial_rivers_room_a, chequers_serial_rivers_micro_c,
          chequers_serial_rivers_room_a, bh_circular_ruins
D:11:     layout_loops_ring, orc_david_3, uniq_snorg
D:12:     minmay_bad_star, layout_long_grid, uniq_sonja, uniq_maurice
D:13:     layout_roguey, uniq_azrael, uniq_rupert
D:14:     layout_irregular_city, david_vaults_5, nrook_pool_corridor
D:15:     grunt_enter_depths_giant_problem, layout_irregular_city,
          minmay_misc_feat_tiny, uniq_nessos
Temple:   eino_temple_rhombus
Lair:1:   layout_gridlike, nzn_ghost_randoct, portal_ice_cave_demonic_guard,
          infiniplex_staircase_pool_2
Lair:2:   layout_gridlike, palyth_hydra_swamp_entry
Lair:3:   layout_long_grid, dummy_spider_entry, minmay_holes,
          kennysheep_basilisk_garden, infiniplex_staircase_pool
Lair:4:   layout_regular_city, enter_volcano_4, gammafunk_ghost_cemetery,
          chequers_serial_rivers_large_a, kennysheep_rathole,
          serial_bayou_shore_b, grunt_megastairs_2, serial_bayou_shore_b
Lair:5:   layout_misc_corridors, minmay_slime_entry_pillars,
          gauntlet_entry_generic, gammafunk_ghost_wrathful_warriors
Lair:6:   guppyfry_lair_end_dragon, layout_regular_city,
          hangedman_lair_tendril_chambers
Swamp:1:  layout_basic_swamp, evilmike_swamp_ruin_house_3
Swamp:2:  layout_falls_marsh, evilmike_swamp_ruin_house_2, swamp_pool1,
          uniq_donald
Swamp:3:  layout_basic_swamp, basic_altar
Swamp:4:  grunt_swamp_rune_castle, layout_basic_swamp, swamp_pool4
Spider:1: layout_spider_delve
Spider:2: layout_spider_delve, uniq_arachne
Spider:3: layout_chambers, guppyfry_spider_mini_1
Spider:4: grunt_spider_rune_circles, nicolae_spider_shape
Orc:1:    layout_diamond_mine, nicolae_orc_crystal_geode
Orc:2:    st_orc_rangers, layout_caves, mines5_lemuel, uniq_jorgrun
Vaults:1: nicolae_vaults_theta, hangedman_vaults_maws, vaults_dpeg_hooks,
          v_misc_30, v_pattern_1, ontoclasm_vaults_eye, vaults_room_ringed_pool,
          vaults_standard_mumra_enter_the_diamond, hangedman_vaults_restitches,
          vaults_room_pool, layout_vaults_omnicross, serial_shops, shop,
          uniq_asterion
Vaults:2: v_misc_24, vaults_mumra_minichess, v_misc_3, ontoclasm_vaults_spin,
          vaults_room_corners, hangedman_vaults_slice, layout_vaults_omnigrid,
          serial_shops, shop, uniq_boris, uniq_sojobo, uniq_frederick
Vaults:3: nicolae_vaults_ninety_degrees, v_misc_16, nicolae_vaults_rhombus_6,
          minmay_crypt_entry_simple_sparse, v_alt_pattern_3, v_alt_pattern_4,
          v_rooms_2, hangedman_vaults_river_flow, grunt_vaults_focal, v_misc_22,
          v_misc_31, vaults_room_semicircle, vaults_room_door_ring,
          hangedman_vaults_locks, hangedman_vaults_corner_blocks,
          layout_vaults_maze

Skill      XL: |  1  2  3  4  5  6  7  8  9 10 11 12 13 14 15 16 17 18 19 20 21 |
---------------+----------------------------------------------------------------+-----
Unarmed Combat | 1 2 3 4 5 7 9 10 11 12 13 14 15 | 15.1
Fighting       | 2 3 4 5 6 8 10 12 13 14 | 14.1
Dodging        | 2 3 4 5 6 |  6.2
Throwing       | 4 5 6 7 9 10 11 12 13 | 13.0
Invocations    | 1 2 4 5 6 7 8 9 10 12 13 | 13.0
Armour         | 1 8 11 12 13 14 | 14.4
Shields        | 2 6 8 10 11 12 13 | 13.2
Stealth        | |  0.3

Action                   |  1- 3 |  4- 6 |  7- 9 | 10-12 | 13-15 | 16-18 | 19-21 || total
-------------------------+-------+-------+-------+-------+-------+-------+-------++-------
Melee: Unarmed           |    75 |   128 |   187 |   481 |   311 |  1268 |   818 ||  3268
       Punch             |       |     2 |     2 |    28 |       |       |       ||    32
       Trident           |       |       |       |     5 |       |       |       ||     5
       War axe           |       |       |       |       |       |    10 |    81 ||    91
Throw: Large rock        |       |       |    12 |    17 |       |    58 |     9 ||    96
Invok: Slouch            |       |       |       |     1 |     1 |     6 |     6 ||    14
       Bend Time         |       |       |       |       |       |       |     3 ||     3
Evoke: Wand              |       |       |       |     6 |       |       |     4 ||    10
  Use: Potion            |       |       |     1 |       |     4 |     4 |     2 ||    11
       Scroll            |       |       |     5 |     7 |    14 |    16 |     3 ||    45
 Stab: Sleeping          |     1 |     1 |     1 |    15 |       |       |       ||    18
       Distracted        |       |       |       |     1 |       |       |     1 ||     2
       Confused          |       |       |       |       |     5 |       |       ||     5
       Held in net/web   |       |       |       |       |       |     2 |       ||     2
       Invisible         |       |       |       |       |       |       |     1 ||     1
Armor: Robe              |    15 |    54 |    42 |    49 |       |       |       ||   160
       Gold dragon scale |       |       |       |   246 |   147 |   705 |   619 ||  1717
Dodge: Dodged            |    30 |    76 |   100 |   251 |    57 |   377 |   322 ||  1213
       Repelled          |       |       |       |     3 |       |     8 |     6 ||    17
Block: Tower shield      |       |       |       |    64 |   499 |  2406 |  1744 ||  4713

Table legend: (Time is in decaauts)
 A = Elapsed time spent in this place.
 B = Non-inter-level travel time spent in this place.
 C = Inter-level travel time spent in this place.
 D = Time resting spent in this place.
 E = Time spent auto-exploring this place.
 F = Levels seen in this place.
 G = Mean time per level.
                   A        B        C        D        E       F      G
               +--------+--------+--------+--------+--------+-----+--------+
         Total |  52836 |  48840 |   3996 |   7499 |  33025 |  38 | 1390.4 |
       Dungeon |  20124 |  18470 |   1654 |   2987 |  13167 |  15 | 1341.6 |
        Temple |     26 |     20 |      6 |     12 |      0 |   1 |   26.0 |
          Lair |  10784 |   9591 |   1193 |    971 |   7193 |   6 | 1797.3 |
         Swamp |   5805 |   5509 |    296 |   1341 |   3494 |   4 | 1451.2 |
   Spider Nest |   6843 |   6450 |    393 |    576 |   4369 |   4 | 1710.8 |
  Orcish Mines |   2422 |   2200 |    222 |    299 |   1370 |   2 | 1211.0 |
        Vaults |   5054 |   4824 |    230 |   1103 |   2507 |   3 | 1684.7 |
       Ossuary |    494 |    494 |      0 |      0 |    284 |   1 |  494.0 |
       Volcano |    438 |    438 |      0 |     12 |    295 |   1 |  438.0 |
      Gauntlet |    843 |    843 |      0 |    197 |    344 |   1 |  843.0 |
               +--------+--------+--------+--------+--------+-----+--------+

Top non-repeatable levels by time:
Vaults:2: 2872 daAuts
Spider:3: 2580 daAuts
  Lair:6: 2335 daAuts
  Lair:3: 2122 daAuts
  Lair:4: 2109 daAuts
 Swamp:4: 2096 daAuts
     D:8: 2024 daAuts
Vaults:1: 1943 daAuts
     D:9: 1914 daAuts
    D:15: 1719 daAuts
Spider:1: 1527 daAuts
 Swamp:3: 1497 daAuts
   Orc:2: 1479 daAuts
  Lair:2: 1471 daAuts
    D:13: 1466 daAuts
